 Dungeon Crawl Stone Soup version 0.30.0-10-gfe55d96785 (webtiles) character file.

Game seed: 13698145722407526068

3112 Heoruswealwe the Thaumaturge (level 9, -5/45 HPs)
             Began as a Deep Elf Earth Elementalist on May 15, 2023.
             Was a Follower of Vehumet.
             Killed by divine providence
             ... invoked by an orc priest
              (13 damage)
             ... on level 8 of the Dungeon.
             The game lasted 02:08:15 (5009 turns).

Heoruswealwe the Thaumaturge (DEEE)                 Turns: 5009, Time: 02:08:23

Health: -5/45      AC:  6    Str:  5    XL:     9   Next: 60%
Magic:  19/27      EV: 12    Int: 25    God:    Vehumet [*.....]
Gold:   80         SH:  0    Dex: 15    Spells: 23/33 levels left

rFire   + . .        (no weapon)
rCold   . . .        (no shield)
rNeg    . . .        c - +2 robe {rF+}
rPois   +            g - +0 helmet
rElec   .            h - scarf {+Inv}
rCorr   .            (no gloves)
SInv    .            e - +0 pair of boots
Will    +....        (no amulet)
Stlth   ++           k - ring of poison resistance
HPRegen 0.27/turn    j - ring of willpower
MPRegen 0.20/turn

%: no passive effects
@: lethally poisoned (-5 -> -13), marked
A: no striking features
a: Renounce Religion, Evoke Invisibility


You were on level 8 of the Dungeon.
You worshipped Vehumet.
Vehumet was aware of your devotion.
You visited 2 branches of the dungeon, and saw 9 of its levels.
You also visited: Sewer.

You collected 492 gold pieces.
You spent 412 gold pieces at shops.

Inventory:

Hand Weapons
 b - a +0 arbalest
Armour
 c - a +2 robe of fire resistance (worn)
 d - an orb of energy
 e - a +0 pair of boots (worn)
 g - a +0 helmet (worn)
 h - a scarf of invisibility (worn)
Jewellery
 j - a ring of willpower (right hand)
 k - a ring of poison resistance (left hand)
Wands
 y - a wand of mindburst (13)
 E - a wand of flame (21)
Scrolls
 a - 3 scrolls of enchant weapon
 i - 3 scrolls of enchant armour
 m - 4 scrolls of teleportation
 r - a scroll of summoning
 t - a scroll of brand weapon
 v - a scroll of fog
 w - a scroll of magic mapping
 x - 2 scrolls of fear {unknown}
 D - a scroll of blinking
 F - a scroll of amnesia
Potions
 f - 2 potions of lignification {unknown}
 l - 3 potions of degeneration {unknown}
 n - a potion of cancellation {unknown}
 o - 2 potions of might {unknown}
 p - 6 potions of heal wounds {unknown}
 q - 2 potions of mutation {unknown}
 s - a potion of brilliance {unknown}
 u - 2 potions of attraction {unknown}
 z - a potion of resistance {unknown}
 A - 2 potions of magic
 H - 2 potions of berserk rage {unknown}


   Skills:
 - Level 2.4 Dodging
 - Level 2.4 Stealth
 + Level 12.6 Spellcasting
 - Level 1.1 Transmutations
 + Level 11.0 Earth Magic


You had 23 spell levels left.
You knew the following spells:

 Your Spells              Type           Power      Damage    Failure   Level
a - Sandblast             Erth           100%       2d20      1%          1
b - Stone Arrow           Conj/Erth      86%        3d12      1%          3
c - Petrify               Tmut/Erth      46%        N/A       3%          4
z - Passwall              Tmut/Erth      38%        N/A       1%          2

Your spell library contained the following spells:

 Spells                   Type           Power      Damage    Failure   Level
 Shock                    Conj/Air       60%        1d6       3%          1
 Dazzling Flash           Conj/Hex       30%        N/A       11%         3
 Volatile Blastmotes      Fire/Tloc      30%        2d12      11%         3
 Iskenderun's Mystic Bla  Conj/Tloc      15%        2d5       36%         4
 Starburst                Conj/Fire      7%         6d4       99%         6


Dungeon Overview and Level Annotations

Branches:
Dungeon (8/15)             Temple (1/1) D:7           Sewer (visited)
   Lair: D:8-11

Altars:
Elyvilon
Fedhas
Gozag
Hepliaklqana
Kikubaaqudgha
Makhleb
Nemelex Xobeh
Okawaru
Qazlal
Ru
Sif Muna
Trog
Vehumet
Wu Jian
Yredelemnul

Shops:
D:6 *


Message History

You kill the howler monkey!
Vehumet accepts your kill.
You can now gain magical power from killing.
Vehumet offers you knowledge of Shock. The bullfrog hits you.
An orc priest comes into view. It is wielding a +0 club.
The bullfrog barely misses you.
The blast of sand hits the bullfrog!!
You kill the bullfrog!
Vehumet accepts your kill.
The orc priest invokes the aid of Beogh against you.
Beogh smites you!
* * * LOW HITPOINT WARNING * * *
The killer bee stings you.
* * * LOW HITPOINT WARNING * * *
The killer bee closely misses you.
Your Earth Magic skill increases to level 11!
You feel better.
The killer bee stings you but does no damage.
The killer bee stings you.
* * * LOW HITPOINT WARNING * * *
You feel better. The killer bee stings you.
An orc wizard comes into view. It is wielding a +0 dagger. x2
The killer bee stings you.
Casting: Sandblast (safe; 1% risk of failure)
Confirm with . or Enter, or press ? or * to list all spells.
Aiming: Sandblast (safe; 1% risk of failure)
Press: ? - help, Shift-Dir - straight line, f - killer bee
Aim: a killer bee (70% to hit)
The blast of sand misses the killer bee.
The blast of sand hits the killer bee!
The killer bee is severely wounded.
The killer bee stings you.
* * * LOW HITPOINT WARNING * * *
You are poisoned.
The killer bee poisons you! The killer bee stings you.
* * * LOW HITPOINT WARNING * * *
The orc priest mumbles some strange prayers to Beogh against you.
Beogh smites you!
You die...

***~~P~~**~P~P.<,,,,* *,,,,,,,,,
*..PP♣~~~~PP.#**,,* *,****,***
#...PP♣♣≈~~P.# *,,* *,* *,*
**#...P♣~≈♣~PP.# *,,* *,* *,***
,,,P~PP♣~~~PPP#* *,,****,****,,,,
~,PP~~♣†~~~PP#* *,,,,,,,,,,,,,**
,~~~~♣P.P.#.#* *,#####,*****,*
~~♣~PPPP#.#.######......,* *,*
~~PP~~....o.oyyy@...#***** *,*
~~~~..###$#.#######.# *,*
~~*#...F.y.....h#**,**********,**
,*.....o♣♣~♣P##..,,,,,,,,,,,,,,,,
,,.#♣♣y~~~P~~♣*****,**********,*,
*,,~~S.~~~PP~P*** *,,,,,,,,,,,,*,
*,*P~~.~~~~~~~~~* **************,
**♣P~S,~~~~~~~♣** *,,
*S~~~,~~~≈~~♣# *,,


You could see 3 killer bees, an orc priest and an orc wizard.

Vanquished Creatures
  Sigmund (D:2)
  Pargi (Sewer)
  2 sky beasts
  3 black bears
  3 ogres
  2 phantoms (D:6)
  3 centaurs
  A kobold brigand (D:7)
  3 bullfrogs
  Blork the orc (D:6)
  2 scorpions
  4 wights (D:7)
  4 killer bees
  A howler monkey (D:8)
  2 electric eels (D:8)
  A jelly (D:6)
  2 gnoll boudas
  4 hounds
  A sleepcap (D:5)
  2 iguanas (D:5)
  3 orc wizards
  Robin (D:2)
  10 adders
  16 gnolls
  2 white imps (D:6)
  6 worms
  5 dart slugs
  18 orcs
  8 ball pythons
  8 bats
  9 endoplasms
  8 giant cockroaches
  16 goblins
  12 hobgoblins
  16 jackals
  10 quokkas
  9 frilled lizards
  12 kobolds
  5 rats
217 creatures vanquished.

Notes
Turn   | Place    | Note
-------+----------+-------------------------------------------
     0 | D:1      | Heoruswealwe the Deep Elf Earth Elementalist began the
                  | quest for the Orb.
     0 | D:1      | Reached XP level 1. HP: 10/10 MP: 6/6
   230 | D:1      | Reached XP level 2. HP: 12/15 MP: 4/8
   233 | D:1      | Learned a level 2 spell: Passwall
   504 | D:1      | Reached skill level 4 in Spellcasting
   509 | D:1      | Reached XP level 3. HP: 15/19 MP: 0/10
   517 | D:1      | Learned a level 3 spell: Stone Arrow
  1125 | D:2      | Noticed Robin
  1132 | D:2      | Reached XP level 4. HP: 22/24 MP: 4/12
  1138 | D:2      | Killed Robin
  1142 | D:2      | Reached skill level 5 in Spellcasting
  1355 | D:2      | Noticed Sigmund
  1364 | D:2      | Killed Sigmund
  1365 | D:2      | Reached skill level 6 in Spellcasting
  1365 | D:2      | Reached skill level 5 in Earth Magic
  1365 | D:2      | Reached XP level 5. HP: 18/28 MP: 7/15
  1365 | D:2      | Reached XP level 6. HP: 20/32 MP: 7/17
  1730 | D:3      | Found an ancient bone altar of Kikubaaqudgha.
  1818 | D:3      | Found a glowing drain.
  1828 | Sewer    | Entered a sewer
  1851 | Sewer    | Noticed Pargi
  1856 | Sewer    | Killed Pargi
  1857 | Sewer    | Reached skill level 7 in Spellcasting
  2269 | D:2      | Learned a level 4 spell: Petrify
  2431 | D:4      | Reached XP level 7. HP: 36/36 MP: 16/19
  2703 | D:4      | Reached skill level 8 in Spellcasting
  2764 | D:4      | Found a sacrificial altar of Ru.
  3061 | D:4      | Found a basalt altar of Yredelemnul.
  3140 | D:5      | Entered Level 5 of the Dungeon
  3236 | D:5      | Found an ornate altar of the Wu Jian Council.
  3420 | D:5      | Reached skill level 9 in Spellcasting
  3420 | D:5      | Reached XP level 8. HP: 28/41 MP: 18/23
  3778 | D:6      | Reached skill level 10 in Spellcasting
  3801 | D:6      | Found Waikac's Magic Scroll Shop.
  3807 | D:6      | Bought a scroll of identify for 26 gold pieces
  3807 | D:6      | Bought a scroll of noise for 13 gold pieces
  3807 | D:6      | Bought a scroll of amnesia for 52 gold pieces
  3807 | D:6      | Bought a scroll of enchant armour for 97 gold pieces
  3807 | D:6      | Bought a scroll of identify for 26 gold pieces
  3807 | D:6      | Bought a scroll of identify for 26 gold pieces
  3807 | D:6      | Bought a scroll of identify for 26 gold pieces
  3847 | D:6      | Found Nodoac Ythruu's Assorted Antiques.
  3860 | D:6      | Bought a scroll labelled VUBRIDW FIEW for 26 gold pieces
  4182 | D:6      | Found an iron altar of Okawaru.
  4183 | D:6      | Found a sparkling altar of Nemelex Xobeh.
  4205 | D:6      | Reached skill level 11 in Spellcasting
  4242 | D:6      | Noticed Blork the orc
  4246 | D:6      | Killed Blork the orc
  4311 | D:6      | Reached XP level 9. HP: 45/45 MP: 24/26
  4411 | D:6      | Bought a scroll of enchant weapon for 97 gold pieces
  4436 | D:6      | Bought a lumpy sapphire potion for 23 gold pieces
  4508 | D:7      | Found an opulent altar of Gozag.
  4542 | D:7      | Found a staircase to the Ecumenical Temple.
  4549 | Temple   | Entered the Ecumenical Temple
  4591 | Temple   | Became a worshipper of Vehumet
  4619 | D:7      | Reached skill level 10 in Earth Magic
  4686 | D:7      | Reached skill level 12 in Spellcasting
  5005 | D:8      | Reached * piety under Vehumet
  5005 | D:8      | Offered knowledge of Shock by Vehumet.
  5009 | D:8      | Killed from afar by an orc priest

Illustrated notes

Levels and vault maps discovered:
D:1:      eino_arrival_cavern_a, layout_basic
D:2:      layout_loops_cross, uniq_sigmund, uniq_robin
D:3:      layout_rooms, lemuel_tele_altar, gup_sewer_entry_pipe,
          minmay_fractal_squares_5
D:4:      layout_cave_pods, mainiacjoe_overflow_24_doors,
          mainiacjoe_overflow_small_starburst,
          nicolae_concentric_dashed_squares_wild, minmay_diced_spiral
D:5:      nicolae_BIG_FREAKIN_CUBE, layout_loops_cross,
          nicolae_wu_jian_wuxing_cycle
D:6:      layout_loops_cross, gammafunk_temple_overflow_statue, serial_shops,
          shop, nicolae_shop_advertising_works [nicolae_subvault_shop_adworks],
          minmay_fractal_squares_gapless_5, uniq_blork_the_orc
D:7:      layout_rooms, grunt_gozag_statues, temple_fountains
D:8:      layout_loops_ring, mainiacjoe_overflow_concentric_impassable,
          mainiacjoe_overflow_catwalk_spiral, enter_bailey_2, serial_bayou,
          serial_bayou_shore_a, serial_bayou_lagoon_a, serial_bayou_lagoon_b,
          serial_bayou_pond_e
Temple:   nicolae_temple_ecumenical_triangle

Skill      XL: |  1  2  3  4  5  6  7  8  9 |
---------------+----------------------------+-----
Spellcasting   | 4 6 7 9 11 12 | 12.6
Earth Magic    | 4 5 6 8 9 11 | 11.0
Dodging        | |  2.4
Stealth        | |  2.4
Transmutations | |  1.1

Action                     |  1- 3 |  4- 6 |  7- 9 || total
---------------------------+-------+-------+-------++-------
  Melee: Unarmed           |     3 |       |       ||     3
   Cast: Sandblast         |    66 |    92 |   155 ||   313
         Passwall          |     1 |       |     1 ||     2
    Use: Potion            |       |     5 |     2 ||     7
         Scroll            |       |       |    12 ||    12
 Armour: Robe              |     6 |     2 |    11 ||    19
         Animal skin       |       |     5 |    10 ||    15
  Dodge: Dodged            |    16 |    32 |    42 ||    90
